 Dungeon Crawl Stone Soup version 0.27.0-1-g7a089689b8 (webtiles) character file.

Game seed: 244319024411487571

113 canonizer the Skirmisher (level 4, -2/29 HPs)
             Began as a Gargoyle Berserker on Aug 8, 2021.
             Was a Believer of Trog.
             Killed from afar by an orc wizard (8 damage)
             ... with a puff of flame
             ... on level 3 of the Dungeon.
             The game lasted 00:02:28 (2095 turns).

canonizer the Skirmisher (Gargoyle Berserker)       Turns: 2095, Time: 00:02:29

Health: -2/29      AC:  5    Str: 22    XL:     4   Next: 96%
Magic:  4/4        EV: 12    Int:  7    God:    Trog [**....]
Gold:   38         SH:  0    Dex:  9    Spells: 3/3 levels left

rFire    . . .     SeeInvis .   a - +0 hand axe
rCold    . . .     Faith    .   (no shield)
rNeg     + . .     Spirit   .   b - +0 animal skin
rPois    ∞         Reflect  .   (no helmet)
rElec    +         Harm     .   (no cloak)
rCorr    .         Rampage  .   (no gloves)
Will     ++...                  (no boots)
Stlth    +.........             (no amulet)
HPRegen  1.09/turn              (no ring)
MPRegen  0.09/turn              (no ring)

@: strong-willed, on berserk cooldown, regenerating, slowed, very slow
A: sickness immunity, AC +3, negative energy resistance 1, electricity
resistance, torment resistance 1, petrification resistance
a: Renounce Religion, Berserk, Trog's Hand


You were on level 3 of the Dungeon.
You worshipped Trog.
Trog was pleased with you.
You visited 1 branch of the dungeon, and saw 3 of its levels.

You collected 38 gold pieces.

Inventory:

Hand Weapons
 a - a +0 hand axe (weapon)
Armour
 b - a +0 animal skin (worn)
Scrolls
 e - 3 scrolls of magic mapping {unknown}
 f - a scroll of enchant weapon {unknown}
 g - a scroll of noise {unknown}
 h - a scroll of fear {unknown}
 i - a scroll of vulnerability {unknown}
 j - a scroll of torment {unknown}
Potions
 c - a potion of berserk rage {unknown}
 d - a potion of curing {unknown}
 k - a potion of mutation {unknown}


   Skills:
 + Level 4.1 Fighting
 + Level 4.0 Axes
 + Level 2.4 Armour
 + Level 2.1 Dodging
 + Level 0.8 Stealth


You had 3 spell levels left.
You didn't know any spells.
Your spell library was empty.

Dungeon Overview and Level Annotations

Branches:
Dungeon (3/15)

Altars:


Innate Abilities, Weirdness & Mutations

You are immune to sickness and miasma.
Your stone body is resilient. (AC +3)
You are immune to poison.
You resist negative energy. (rN+)
You are resistant to electric shocks. (rElec)
You are resistant to unholy torment.
You are immune to petrification.


Message History

The puff of flame hits you!
The orc priest hits you but does no damage.
You slash the orc priest!
The orc priest is heavily wounded.
A ball python comes into view.
You slash the orc priest!
The orc priest is almost dead.
You barely miss something.
You are no longer berserk.
You are exhausted.
You feel yourself slow down.
The orc priest invokes the aid of Beogh against you.
Beogh smites you! Something hits you.
* * * LOW HITPOINT WARNING * * *
You are too injured to fight recklessly!
You are too injured to fight recklessly!
Unknown command.
You are too injured to fight recklessly!
Unknown command.
You are too injured to fight recklessly!
Unknown command.
You hit the orc priest.
You kill the orc priest!
Trog accepts your kill.
You miss something. Something hits you but does no damage.
Your Axes skill increases to level 4!
Unknown command.
You hit something. Something completely misses you.
Something hits you but does no damage.
Your skin crawls.
You feel strong-willed. Something hits you.
* * * LOW HITPOINT WARNING * * *
Unknown command.
You hit something. Something hits you.
* * * LOW HITPOINT WARNING * * *
You hear some strange, mumbled words.
A puff of flame appears from out of thin air!
The puff of flame hits you!
You die...

#...... #...... ..
#......##.#..####..
#..................
...................
#...=.[............
.....$.............
........÷..........
....S.[...........#
....#.)@{).........
... #.#'#<)).......
.. #..........#...
o #...$..........
#.....####..#..
#...... #.# .
......... .#
........... .
.......... .


You could see a ball python.

Vanquished Creatures
  An orc priest (D:3)
  A hound (D:3)
  A worm (D:2)
  3 dart slugs
  3 orcs
  4 ball pythons
  3 endoplasms
  2 giant cockroaches
  2 goblins (D:1)
  3 hobgoblins
  2 bats
  6 frilled lizards
  4 kobolds
  10 rats
45 creatures vanquished.

Vanquished Creatures (others)
  6 plants (D:1)
6 creatures vanquished.

Grand Total: 51 creatures vanquished

Notes
Turn   | Place    | Note
-------+----------+-------------------------------------------
     0 | D:1      | canonizer the Gargoyle Berserker began the quest for the
                  | Orb.
     0 | D:1      | Reached XP level 1. HP: 14/14 MP: 1/1
   102 | D:1      | Reached XP level 2. HP: 19/19 MP: 2/2
   886 | D:1      | Reached XP level 3. HP: 23/24 MP: 3/3
  1066 | D:2      | Reached ** piety under Trog
  1131 | D:2      | Found a faded altar of an unknown god.
  1758 | D:3      | Reached XP level 4. HP: 29/29 MP: 4/4
  2095 | D:3      | Killed from afar by an orc wizard

Illustrated notes

Levels and vault maps discovered:
D:1:      saegor_arrival_simple_e, layout_basic, minmay_misc_feat_nine_boxes,
          kennysheep_boxes
D:2:      layout_loops_cross, shapermc_ecumenical_altar_rom_forum
D:3:      layout_basic

Skill      XL: |  1  2  3  4 |
---------------+-------------+-----
Axes           | 3 4 |  4.0
Fighting       | 4 |  4.1
Dodging        | 2 |  2.1
Armour         | |  2.4
Stealth        | |  0.8

Action                   |  1- 3 |  4- 6 || total
-------------------------+-------+-------++-------
Melee: Hand axe          |    88 |    26 ||   114
Invok: Berserk           |     2 |     1 ||     3
       Trog's Hand       |       |     2 ||     2
 Stab: Sleeping          |     1 |       ||     1
Armor: Animal skin       |    25 |    12 ||    37
Dodge: Dodged            |    56 |    26 ||    82
